 Dungeon Crawl Stone Soup version 0.26.1-2-gb8aa6d0cf2 (webtiles) character file.

Game seed: 8432797841658704074

6 MalarOregon the Vandal (level 2, -1/19 HPs)
             Began as a Halfling Hunter on Mar 29, 2021.
             Slain by a leopard gecko (4 damage)
             ... on level 1 of the Dungeon.
             The game lasted 00:01:02 (557 turns).

MalarOregon the Vandal (Halfling Hunter)             Turns: 557, Time: 00:01:02

Health: -1/19      AC:  3    Str: 13    XL:     2   Next: 0%
Magic:  2/2        EV: 14    Int:  9    God:
Gold:   0          SH:  0    Dex: 14    Spells: 1/1 levels left

rFire    . . .     SeeInvis .   a - +1 hunting sling
rCold    . . .     Faith    .   (shield restricted)
rNeg     . . .     Spirit   .   c - +0 leather armour
rPois    .         Reflect  .   (no helmet)
rElec    .         Harm     .   (no cloak)
rCorr    .         Rampage  .   (no gloves)
Will     .....                  (no boots)
Stlth    ++........             (no amulet)
HPRegen  0.06/turn              (no ring)
MPRegen  0.08/turn              (no ring)

@: no status effects
A: small, mutation resistance 1
a: no special abilities


You were on level 1 of the Dungeon.
You visited 1 branch of the dungeon, and saw 1 of its levels.

Inventory:

Hand Weapons
 a - a +1 hunting sling (weapon)
 b - a +0 short sword
Missiles
 d - 26 sling bullets (quivered ammo)
 e - 78 stones
Armour
 c - a +0 leather armour (worn)
Scrolls
 g - a scroll of teleportation {unknown}
Potions
 f - a potion of mutation {unknown}
 h - a potion of curing {unknown}


   Skills:
 + Level 1.8 Fighting
 + Level 0.3 Short Blades
 * Level 6.0 Slings
 + Level 0.3 Armour
 - Level 2.1 Dodging
 + Level 1.3 Stealth


You had one spell level left.
You didn't know any spells.
Your spell library was empty.

Dungeon Overview and Level Annotations

Branches:
Dungeon (1/15)

Altars:


Innate Abilities, Weirdness & Mutations

You are small and have problems with some larger weapons.
You are somewhat resistant to further mutation.


Message History

You barely miss the leopard gecko.
The kobold throws a stone.
The stone barely misses you. The leopard gecko misses you.
The kobold throws a stone.
The stone hits you.
* * * LOW HITPOINT WARNING * * *
You miss the leopard gecko. The leopard gecko misses you.
Unknown command.
You hit the leopard gecko. The leopard gecko closely misses you.
The leopard gecko barely misses you.
You closely miss the leopard gecko.
The leopard gecko bites you but does no damage.
You miss the leopard gecko. The leopard gecko bites you.
* * * LOW HITPOINT WARNING * * *
You hit the leopard gecko. The leopard gecko misses you. x2
You miss the leopard gecko. The kobold completely misses you.
The leopard gecko bites you.
* * * LOW HITPOINT WARNING * * *
The leopard gecko bites you but does no damage.
The leopard gecko hisses menacingly.
a - a +1 hunting sling (weapon)
The leopard gecko misses you.
Fire: 31 sling bullets
Aim: a leopard gecko (heavily wounded, 50% to hit)
You shoot a sling bullet.
The sling bullet barely misses the leopard gecko.
The leopard gecko misses you.
Fire: 30 sling bullets
Aim: a kobold (56% to hit)
You shoot a sling bullet.
The sling bullet closely misses the leopard gecko.
The sling bullet hits the kobold but does no damage.
The leopard gecko misses you.
Fire: 29 sling bullets
Aim: a leopard gecko (heavily wounded, 50% to hit)
You shoot a sling bullet.
The sling bullet closely misses the leopard gecko.
The leopard gecko barely misses you.
Fire: 28 sling bullets
Aim: a kobold (56% to hit)
You shoot a sling bullet.
The sling bullet barely misses the leopard gecko.
The sling bullet hits the kobold!
You kill the kobold!
The leopard gecko closely misses you.
You have reached level 2!
Fire: 27 sling bullets
Aim: a leopard gecko (heavily wounded, 50% to hit)
You shoot a sling bullet.
The sling bullet barely misses the leopard gecko.
The leopard gecko bites you.
You die...

##+###..........#
................#
................#
........((.!...#
......(........#
..........)....####
.######+####............
........###K.......####.
#####.@#...............
#......l(......########
#.....#.....###########
########.(.## ###......
#..## ##........ #..#
##....##'## #..#
#...####.##
#.####..##...... #.#
#...#..#####


You could see a leopard gecko.

Vanquished Creatures
  A giant cockroach (D:1)
  A goblin (D:1)
  2 jackals (D:1)
  A kobold (D:1)
5 creatures vanquished.

Notes
Turn   | Place    | Note
-------+----------+-------------------------------------------
     0 | D:1      | MalarOregon the Halfling Hunter began the quest for the
                  | Orb.
     0 | D:1      | Reached XP level 1. HP: 14/14 MP: 1/1
   169 | D:1      | Reached skill level 6 in Slings
   557 | D:1      | Reached XP level 2. HP: 3/19 MP: 2/2
   557 | D:1      | Slain by a leopard gecko

Illustrated notes

Levels and vault maps discovered:
D:1:      dpeg_arrival_concentric_ovals, layout_basic

Skill      XL: |  1 |
---------------+----+-----
Slings         | 6 |  6.0
Fighting       | |  1.8
Short Blades   | |  0.3
Armour         | |  0.3
Dodging        | |  2.1
Stealth        | |  1.3

Action                   || total
-------------------------++-------
Melee: Short sword       ||    27
 Fire: Hunting sling     ||     5
Armor: Leather armour    ||     5
Dodge: Dodged            ||    36
